 Dungeon Crawl Stone Soup version 0.31.0-12-g77e489cdc1 (webtiles) character file.

Game seed: 2350114880134455365

83 KennySheep the Chopper (level 4, 41/41 HPs)
             Began as a Hill Orc Monk on Mar 2, 2024.
             Was a Believer of Ashenzari.
             Got out of the dungeon alive.
             The game lasted 00:05:30 (1486 turns).

KennySheep the Chopper (Hill Orc Monk)              Turns: 1486, Time: 00:05:31

Health: 41/41      AC:  6    Str: 15    XL:     4   Next: 44%
Magic:  4/4        EV: 10    Int: 10    God:    Ashenzari [**....]
Gold:   69         SH:  0    Dex: 13    Spells: 3/3 levels left

rFire   . . .        a - +0 hand axe of Cremastomancy {Bglg, Sorc} (curse)
rCold   . . .        d - orb {light}
rNeg    . . .        o - +0 scale mail of the Cryptic Sky {Sorc, Cun} (curse)
rPois   +            (no helmet)
rElec   .            (no cloak)
rCorr   .            (no gloves)
SInv    +            (no boots)
Will    .....        (no amulet) Stlth
                     g - ring of Ashenzari's Mistrust {rPois, Sorc, Self} (curse)
HPRegen 0.26/turn    (no ring)
MPRegen 0.09/turn

%: no passive effects
@: glowing
A: no striking features
a: Renounce Religion, Shatter the Chains


You escaped.
You worshipped Ashenzari.
Ashenzari was pleased with you.
You visited 1 branch of the dungeon, and saw 3 of its levels.

You collected 69 gold pieces.

Inventory:

Hand Weapons
 a - the cursed +0 hand axe of Cremastomancy (weapon) {Bglg, Sorc}

   It has a curse which improves the following skills: Beguiling: Hexes and
   Translocations.
   Sorcery:   Conjurations and Alchemy.
Armour
 b - a +0 robe
 d - an orb of light (worn)
 o - the cursed +0 scale mail of the Cryptic Sky (worn) {Sorc, Cun}
   (You found it on level 1 of the Dungeon)

   It has a curse which improves the following skills: Sorcery: Conjurations and
   Alchemy.
   Cunning:   Dodging and Stealth.
Jewellery
 g - the cursed ring of Ashenzari's Mistrust (left hand) {rPois, Sorc, Self}
   (You found it on level 1 of the Dungeon)

   [ring of poison resistance]

   rPois:     It protects you from poison It has a curse which improves the
   following skills: Sorcery: Conjurations and Alchemy.
   Introspection: Fighting and Spellcasting.
Scrolls
 e - a scroll of vulnerability
 f - a scroll of teleportation
 h - a scroll of poison
 j - a scroll of immolation
Potions
 c - a potion of ambrosia
 i - a potion of curing
 k - a potion of resistance
 l - a potion of attraction
 m - a potion of enlightenment
 n - a potion of lignification


   Skills:
 - Level 3.6(4.6) Fighting
 * Level 6.8 Axes
 + Level 0.0 Armour
 - Level 2.4(3.3) Dodging


You had 3 spell levels left.
You didn't know any spells.
Your spell library contained the following spells:

 Spells                   Type           Power      Damage    Failure   Level
 Sandblast                Erth           0%         2d4       85%         1
 Passwall                 Erth           0%         N/A       99%         3
 Stone Arrow              Conj/Erth      0%         3d7       99%         3
 Brom's Barrelling Bould  Conj/Erth      0%         2d3       100%        4


Dungeon Overview and Level Annotations

Branches:
Dungeon (3/15)

Altars:
Ashenzari

Annotations:
D:3 Grinder


Message History

Pain shoots through your body!
Grinder blinks!
There is a stone staircase leading up here.
The goblin shoots a sling bullet.
The sling bullet misses you.
You climb upwards.
There is a stone staircase leading down here.
You start resting.
Ashenzari invites you to partake of a vision and a curse of sorcery and cunning.
Okay, then.
Okay, then.
Search for what [? for help]? arm
There is a stone staircase leading up here.
You climb upwards.
There is a stone staircase leading down here.
You see here a +0 scale mail.
o - a +0 scale mail You start removing your armour.
You continue taking off your +0 robe. x4
You finish taking off your +0 robe.
You start putting on your armour.
You continue putting on your +0 scale mail. x5
You finish putting on your +0 scale mail.
Your +0 scale mail glows black for a moment.
Ashenzari will now reveal the unseen.
Okay, then.
You can't unwield your weapon to draw a new one!
Unknown command.
HP restored.
Done exploring.
Done exploring.
Done exploring.
Done exploring.
There is a stone staircase leading down here.
You climb downwards.
There is a stone staircase leading up here.
There is a stone staircase leading up here.
You climb upwards.
There is a stone staircase leading down here.
There is an open door here.
There is a staircase leading out of the dungeon here.
You have escaped!

#......).>.###.#...#........
#...######.###.#.#.#.######.
##.## #.....#.#...######.
#..# #..................
##.## ##.########.#######
##.### #.# ###.#...#
##..####'####..##.#.#####
###..'...'..####.#......
####.@.#### #.....###
###..'...'..####........
##..####'####.[##........
##.### #.# ###.#........
#.## #.########.#.#.### ###
#..#.......#.....#
##########.).......#.#.#.#
#......# ###.#.###........
#......#####.#.###........


There were no monsters in sight!

Vanquished Creatures
  3 adders (D:2)
  A ribbon worm (D:2)
  A dart slug (D:2)
  8 endoplasms
  A giant cockroach (D:1)
  6 goblins
  8 hobgoblins
  4 kobolds
  2 quokkas
  6 bats
  2 frilled lizards
  4 rats
46 creatures vanquished.

Notes
Turn   | Place    | Note
-------+----------+-------------------------------------------
     0 | D:1      | KennySheep the Hill Orc Monk began the quest for the Orb.
     0 | D:1      | Reached XP level 1. HP: 19/19 MP: 1/1
    73 | D:1      | Reached XP level 2. HP: 23/26 MP: 2/2
   124 | D:1      | Reached skill level 5 in Axes
   303 | D:1      | Reached XP level 3. HP: 24/31 MP: 3/3
   405 | D:1      | Found a faded altar of an unknown god.
   418 | D:1      | Prayed at the altar of an unknown god.
   418 | D:1      | Became a worshipper of Ashenzari the Shackled
   427 | D:1      | Reached * piety under Ashenzari
   730 | D:2      | Reached skill level 6 in Axes
  1007 | D:2      | Reached XP level 4. HP: 41/41 MP: 4/4
  1370 | D:3      | Noticed Grinder
  1434 | D:1      | Reached ** piety under Ashenzari
  1486 | D:$      | Got out of the dungeon alive.

Illustrated notes

Levels and vault maps discovered:
D:1:      dpeg_arrival_radiant, layout_basic,
          ebering_ecumenical_altar_sacrificial, ebering_dispersal_statue_hall,
          palyth_stone_intersect
D:2:      layout_rooms, kennysheep_generic_room_12
D:3:      wad_crossroads, layout_basic, uniq_natasha, uniq_sigmund, uniq_robin,
          uniq_grinder

Skill      XL: |  1  2  3 |
---------------+----------+-----
Axes           | 5 6 |  6.8
Fighting       | |  3.6
Dodging        | |  2.4

Action                     |  1- 3 |  4- 6 || total
---------------------------+-------+-------++-------
  Melee: Hand axe          |   113 |    19 ||   132
 Invoke: Curse Item        |     2 |     1 ||     3
 Armour: Robe              |    41 |    12 ||    53
  Dodge: Dodged            |    82 |    13 ||    95
